 Dungeon Crawl Stone Soup version 0.15.0-23-gc2b521c (console) character file.

281 gw the Twirler (level 6, 0/51 HPs)
             Began as a Minotaur Gladiator on Sept 9, 2014.
             Was an Initiate of Okawaru.
             Shot with an arrow by a centaur (11 damage)
             ... on Level 5 of the Dungeon.
             The game lasted 00:02:58 (3639 turns).

gw the Twirler (Minotaur Gladiator)                 Turns: 3639, Time: 00:02:58

HP   0/51        AC 13     Str 22      XL: 6   Next:  6%
MP   3/3         EV 10     Int  9      God: Okawaru [......]
Gold 0           SH  0     Dex 12      Spells:  0 memorised,  5 levels left

rFire  . . .     SeeInvis .     a - +1 quarterstaff
rCold  . . .     Clarity  .     p - +7 ring mail of Amorality {Str-3 Int+4}
rNeg   . . .     rCorr    .     (no shield)
rPois  .         rRot     .     c - +0 hat
rElec  .         Spirit   .     (no cloak)
SustAb .         Warding  .     (no gloves)
rMut   .         Stasis   .     e - +0 pair of boots
Gourm  .                        (no amulet)
MR     .....                    (no ring)
                                (no ring)

@: mighty, lethally poisoned, very slightly contaminated, hasted, very quick,
not resistant to hostile enchantments, very unstealthy
A: retaliatory headbutt, horns 2
a: Renounce Religion


You were on level 5 of the Dungeon.
You worshipped Okawaru.
Okawaru was noncommittal.
You were very hungry.

You visited 1 branch of the dungeon, and saw 5 of its levels.

Inventory:

Hand weapons
 a - a +1 quarterstaff (weapon)
Missiles
 d - 3 throwing nets
 j - 7 tomahawks (quivered)
 k - 10 stones
Armour
 c - a +0 hat (worn)
 e - a +0 pair of boots (worn)
 p - the +7 ring mail of Amorality (worn) {Str-3 Int+4}
   (You took it off a goblin on level 4 of the Dungeon)

   It affects your strength (-3).
   It affects your intelligence (+4).
Comestibles
 b - 4 meat rations
 f - 6 bread rations
 m - a slice of pizza
Scrolls
 g - a scroll of amnesia
 h - 7 scrolls of identify
 o - 2 scrolls of remove curse


   Skills:
 + Level 3.6 Fighting
 * Level 5.8 Staves
 + Level 3.4 Throwing
 + Level 3.1 Armour
 - Level 3.2 Dodging
 + Level 0.8 Invocations


You had 5 spell levels left.
You didn't know any spells.

Dungeon Overview and Level Annotations

Branches:
Dungeon (5/15)
 Temple: D:4-7

Altars:
Okawaru

Shops:
D:4 !

Annotations:
D:2 exclusion: 2 downstairs
D:3 gw's ghost, average MiFi
D:5 Blork the orc


Innate Abilities, Weirdness & Mutations

You reflexively headbutt those who attack you in melee.
You have a pair of horns on your head.


Message History

You hit the worker ant. You headbutt the worker ant!
You kill the worker ant!
Okawaru accepts your kill.
You have reached level 6!
Your experience leads to an increase in your attributes!
Increase (S)trength, (I)ntelligence, or (D)exterity?
You feel agile.
Blork the orc screams, "I'll crush all your ribs!
One by one!"
Blork the orc gestures at you while chanting.
The puff of flame misses you.
ATTACK MOVE TO (-1,-1) Blork the orc misses you.
The centaur shoots an arrow.
The arrow hits you but does no damage.
Things that are here:
an arrow; a club; a kobold corpse {inedible} ATTACK MOVE TO (-1,-1)
You feel sick.
Blork the orc becomes somewhat translucent.
The centaur shoots an arrow.
The arrow hits you!
You die...

[.. .........
...........
.............
....?..........
.........c....#
.............#
.......o(.....#
# ...$....H....#
..
.........(..##
....
..##.....(.#
##....#
##....(.##(....#
##....(!#...#
##..(((...#
#...##<..#
#..####.## #..#
#.#


You could see Blork the orc and a centaur.

Table legend:
 A = Turns spent in this place as a percentage of turns spent in the entire game.
 B = Non-inter-level travel turns spent in this place as a percentage of non-inter-level travel turns spent in the entire game.
 C = Inter-level travel turns spent in this place as a percentage of turns spent in this place.
 D = Turns resting spent in this place as a percentage of non-inter-level travel turns spent in this place.
 E = Turns spent auto-exploring this place as a percentage of non-inter-level travel turns spent in this place.
 F = Non-inter-level travel turns spent in this place divided by the number of levels of this place that you've seen.
                   A       B       C       D       E      F
               +-------+-------+-------+-------+-------+----------------------
         Total | 100.0 | 100.0 |   1.9 |   3.4 |  11.2 | 260.2
       Dungeon | 100.0 | 100.0 |   1.9 |   3.4 |  11.2 | 260.2
               +-------+-------+-------+-------+-------+----------------------

Table legend:
 A = Kills in this place as a percentage of kills in entire the game.
 B = Kills by you in this place as a percentage of kills by you in the entire game.
 C = Kills by friends in this place as a percentage of kills by friends in the entire game.
 D = Other kills in this place as a percentage of other kills in the entire game.
 E = Experience gained in this place as a percentage of experience gained in the entire game.
 F = Experience gained in this place divided by the number of levels of this place that you have seen.
                   A       B       C       D       E      F
               +-------+-------+-------+-------+-------+----------------------
         Total | 100.0 | 100.0 |  -nan |  -nan | 100.0 |  80.4
       Dungeon | 100.0 | 100.0 |  -nan |  -nan | 100.0 |  80.4
               +-------+-------+-------+-------+-------+----------------------

Vanquished Creatures
  A centaur skeleton (D:4)
  A worker ant (D:5)
  2 orc wizards (D:3)
  An iguana (D:4)
  8 adders
  A giant mite (D:1)
  A worm (D:2)
  A giant gecko (D:2)
  5 orcs (D:3)
  3 giant cockroaches
  5 hobgoblins
  8 jackals
  5 kobolds
  A quokka (D:2)
  A ball python (D:4)
  7 bats
  5 giant newts
  4 goblins
  A kobold skeleton (D:4)
  A quokka skeleton (D:4)
  9 rats
71 creatures vanquished.

Notes
Turn   | Place    | Note
--------------------------------------------------------------
     0 | D:1      | gw, the Minotaur Gladiator, began the quest for the Orb.
     0 | D:1      | Reached XP level 1. HP: 18/18 MP: 1/1
   178 | D:1      | Reached skill level 4 in Staves
   178 | D:1      | Reached XP level 2. HP: 22/25 MP: 1/1
   297 | D:1      | Reached skill level 1 in Armour
   715 | D:2      | Reached XP level 3. HP: 28/30 MP: 2/2
  1110 | D:2      | Reached XP level 4. HP: 25/38 MP: 2/2
  1338 | D:3      | Noticed gw's ghost (average MiFi)
  1445 | D:3      | Reached skill level 5 in Staves
  1453 | D:3      | Reached XP level 5. HP: 37/45 MP: 2/2
  1829 | D:3      | Found an iron altar of Okawaru.
  1841 | D:3      | Became a worshipper of Warmaster Okawaru
  2927 | D:4      | Found Zadir's Distillery.
  3127 | D:4      | Got a bloodstained ring mail
  3146 | D:4      | Identified the +7 ring mail of Amorality {Str-3 Int+4} (You took it off a goblin on level 4 of the Dungeon)
  3625 | D:5      | Entered Level 5 of the Dungeon
  3629 | D:5      | Noticed a centaur
  3630 | D:5      | Noticed Blork the orc
  3637 | D:5      | Reached XP level 6. HP: 12/51 MP: 3/3
  3639 | D:5      | Shot with an arrow by a centaur

Action                   |  1- 3 |  4- 6 || total
-------------------------+-------+-------++-------
Melee: Quarterstaff      |    72 |    85 ||   157
Throw: Stone             |     1 |       ||     1
       Tomahawk          |       |    34 ||    34
  Use: Scroll            |     2 |     9 ||    11
       Potion            |     1 |     6 ||     7
  Eat: Chunk             |     1 |     7 ||     8

Vault maps used:
D:1:      dpeg_arrival_chambers_temple_mockup, st_stairs_6
D:2:      minmay_misc_feat_columns, grunt_ministairs_4, minivault_14
D:3:      okawaru_ov_weapons_minmay, first_bread, hangedman_decor_points
D:4:      serial_shops, shop
D:5:      basic_altar, minmay_misc_feat_secret_circle, uniq_blork_the_orc
